 Dungeon Crawl Stone Soup version 0.19-a0-1821-g42c593c (webtiles) character file.

56 KarmaPolice the Slasher (level 3, 0/25 HPs)
             Began as a High Elf Skald on Oct 6, 2016.
             Slain by an adder (4 damage)
             ... on level 2 of the Dungeon.
             The game lasted 00:02:37 (1480 turns).

KarmaPolice the Slasher (High Elf Skald)            Turns: 1480, Time: 00:02:38

Health: 0/25       AC:  3    Str: 12    XL:     3   Next: 69%
Magic:  4/7        EV: 11    Int: 15    God:
Gold:   61         SH:  0    Dex: 15    Spells: 2 memorised, 3 levels left

rFire  . . .     SeeInvis .     a - +0 falchion
rCold  . . .     Gourm    .     b - +0 leather armour
rNeg   . . .     Faith    .     (no shield)
rPois  .         Spirit   .     (no helmet)
rElec  .         Dismiss  .     (no cloak)
rCorr  .         Reflect  .     (no gloves)
MR     .....     Harm     .     (no boots)
Stlth  +.........               (no amulet)
                                (no ring)
                                (no ring)

@: lethally poisoned (0 -> -8), very slightly contaminated
A: no striking features
a: no special abilities


You were on level 2 of the Dungeon.
You were not hungry.

You visited 1 branch of the dungeon, and saw 2 of its levels.

You collected 61 gold pieces.

Inventory:

Hand Weapons
 a - a +0 falchion (weapon)
 j - a +0 dagger of flaming
Missiles
 k - 7 curare-tipped needles
Armour
 b - a +0 leather armour (worn)
 i - a cursed +0 scale mail
Scrolls
 e - 3 scrolls of identify {unknown}
 g - 2 scrolls of noise {unknown}
 m - a scroll of magic mapping {unknown}
 n - 2 scrolls of teleportation {unknown}
 p - a scroll of enchant armour {unknown}
 q - a scroll of recharging {unknown}
 r - a scroll of random uselessness {unknown}
Potions
 f - 2 potions of curing {unknown}
 h - a potion of agility {unknown}
Books
 c - a book of Battle

   Spells                             Type                      Level
   a - Infusion                       Charms                       1
   b - Shroud of Golubria             Charms/Translocation         2
   c - Song of Slaying                Charms                       2
   d - Spectral Weapon                Hexes/Charms                 3
   e - Regeneration                   Charms/Necromancy            3
Comestibles
 d - a bread ration
 l - a beef jerky
 o - 5 chunks of flesh


   Skills:
 + Level 2.9 Fighting
 + Level 4.2 Long Blades
 - Level 0.8 Armour
 - Level 1.1 Dodging
 - Level 2.4 Spellcasting
 - Level 3.6 Charms


You had 3 spell levels left.
You knew the following spells:

 Your Spells              Type           Power        Failure   Level  Hunger
a - Infusion              Chrm           ##..         8%          1    #......
b - Shroud of Golubria    Chrm/Tloc      #.........   24%         2    ###....


Dungeon Overview and Level Annotations

Branches:
Dungeon (2/15)

Altars:


Message History

You hit the adder.
The adder is almost dead.
Your shroud begins to fray at the edges.
The adder bites you.
You are poisoned.
The adder poisons you!
You hit the adder but do no damage.
The adder is almost dead.
You feel sick. The adder bites you.
* * * LOW HITPOINT WARNING * * *
You are lethally poisoned!
The adder poisons you!
Your shroud falls apart!
The adder barely misses you.
You riposte.
You closely miss the adder.
The adder is almost dead.
You closely miss the adder.
The adder is almost dead.
* * * LOW HITPOINT WARNING * * *
You feel sick. The adder bites you.
You die...

♣♣..P.♣...........P....♣P♣
♣♣P♣P......)..P♣.......♣.
.♣.♣P..P.....P♣P..♣......♣
♣P.♣♣........♣P..♣♣PP♣...♣
♣...P♣♣♣P...)..♣.♣♣ ♣♣....
...P...P♣♣♣...P♣.♣♣ P....
.........♣P..PP♣P♣ .♣...
.............PP.P♣. ♣.
........P@♣.♣.♣ .
P≈♣≈♣.≈..S.♣♣♣♣ ♣.
♣≈≈≈≈.≈.≈...♣
♣≈≈♣≈≈♣♣....♣
≈..≈.≈≈≈≈♣≈♣.....
≈≈♣≈≈≈≈≈≈♣ .....?♣
♣P≈♣≈≈♣P≈ .♣..♣.P ♣≈♣S§
♣...♣ ♣ ≈..§. . .♣ ♣♣


You could see an adder.

Vanquished Creatures
  Jessica (D:2)
  3 bats
  4 goblins
  6 hobgoblins
  6 kobolds
  6 frilled lizards
  3 rats (D:1)
29 creatures vanquished.

Notes
Turn   | Place    | Note
-------+----------+-------------------------------------------
     0 | D:1      | KarmaPolice the High Elf Skald began the quest for the Orb.
     0 | D:1      | Reached XP level 1. HP: 14/14 MP: 4/4
   648 | D:1      | Reached skill level 3 in Long Blades
   653 | D:1      | Reached XP level 2. HP: 12/19 MP: 6/6
   663 | D:1      | Learned a level 2 spell: Shroud of Golubria
  1261 | D:2      | Noticed Jessica
  1268 | D:2      | Killed Jessica
  1268 | D:2      | Reached skill level 4 in Long Blades
  1268 | D:2      | Reached XP level 3. HP: 21/25 MP: 0/7
  1480 | D:2      | Slain by an adder

Vault maps used:
D:1:      dpeg_arrival_central
D:2:      wad_woods_pond, uniq_jessica, uniq_terence, uniq_robin

Skill      XL: |  1  2 |
---------------+-------+-----
Long Blades    | 3 4 |  4.2
Fighting       | |  2.9
Armour         | |  0.8
Dodging        | |  1.1
Spellcasting   | |  2.4
Charms         | |  3.6

Action                   || total
-------------------------++-------
Melee: Falchion          ||    93
 Cast: Infusion          ||     2
       Shroud of Golubri ||     1
  Eat: Chunk             ||     2
Armor: Leather armour    ||    32
Dodge: Dodged            ||    53
       Rpst.: Falchion   ||    15
